Map: Ruins of Endion

Players

AegiS

  • Race: Terran Terran
  • League: Master

Pokebunny - Winner!

  • Race: Terran Terran
  • League: Grandmaster

VOD

Have the link to the VOD?

Description

Time

  • Played on: April 6, 2016, 4:51 p.m.
  • Length: 8:49
Show
View Real Time Build Order
Export as new Build Order

AegiS Terran 

Build Orders: 1/1/1, Banshee Rush 

Get SALT Encoding   

  12  0:01  SCV  
  13  0:13  SCV  
  14  0:18  Supply Depot  
  14  0:24  Refinery  
  14  0:29  SCV  
  15  0:44  Barracks  
  15  0:47  SCV  
  16  0:56  Refinery  
  16  0:59  SCV  
  17  1:12  SCV  
  18  1:24  SCV  
  19  1:30  Factory  
  19  1:33  Reaper  
  20  1:40  Orbital Command  
  20  1:53  Supply Depot  
  20  2:05  Reaper  
  20  2:07  SCV  
  22  2:14  Starport  
  22  2:22  Hellion  
  24  2:23  SCV  
  25  2:35  SCV  
  25  2:46  Hellion  
  25  2:48  SCV  
  27  3:00  Supply Depot, Barracks Tech Lab  
  27  3:10  SCV  
  30  3:28  Banshee, Cloaking Field  
  30  3:29  Supply Depot  
  30  3:33  Factory Tech Lab  
  30  3:34  Barracks Reactor  
  30  3:35  SCV  
  31  3:49  Command Center  
  31  3:53  SCV  
  31  3:55  Siege Tank  
  34  4:05  SCV  
  35  4:12  Command Center, Marine x2  
  36  4:17  SCV  
  36  4:22  Raven  
  36  4:29  SCV  
  37  4:34  Siege Tank  
  37  4:36  Marine x2  
  42  4:41  SCV  
  43  4:47  Supply Depot  
  43  4:54  SCV  
  43  4:57  Marine x2  
  46  5:06  SCV  
  47  5:11  Supply Depot  
  47  5:12  Siege Tank  
  50  5:15  Marine x2  
  50  5:19  SCV  
  53  5:24  Barracks  
  53  5:29  Orbital Command  
  53  5:36  Marine x2  
  53  5:38  SCV  
  56  5:50  SCV  
  56  5:52  Siege Tank  
  56  5:53  Marine  
  56  5:54  Marine  
  56  5:57  SCV  
  63  6:02  SCV  
  63  6:03  Starport Reactor  
  64  6:09  SCV  
  65  6:11  Marine  
  65  6:12  Barracks  
  65  6:14  SCV  
  67  6:21  Marine  
  67  6:22  Marine  
  67  6:24  Siege Tank  
  67  6:25  Stimpack  
  72  6:28  SCV  
  72  6:31  Supply Depot x2  
  71  6:43  Marine  
  71  6:44  Marine x2  
  71  6:46  Medivac  
  76  6:48  SCV  
  76  6:50  SCV  
  74  6:56  Siege Tank  
  65  7:09  Marine  
  65  7:12  Marine x3  
  65  7:14  SCV  
  67  7:16  Refinery  
  67  7:19  Command Center  
  67  7:21  SCV  
  68  7:24  Refinery  
  68  7:26  Marine  
  68  7:28  Siege Tank  
  66  7:36  Marine x2, SCV  
  69  7:39  SCV  
  64  7:48  Marine x2, SCV  
  63  7:51  SCV  
  63  7:54  Marine  
  64  8:00  SCV  
  64  8:03  Medivac x2, SCV  
  64  8:04  Marine  
  71  8:09  Supply Depot  
  71  8:12  SCV  
  72  8:14  Siege Tank  
  72  8:15  Marine x2, SCV  
  72  8:17  Marine  
  79  8:24  SCV  
  79  8:26  Engineering Bay  
  80  8:27  SCV  
  80  8:29  Supply Depot  
  76  8:36  SCV  
Show
View Real Time Build Order
Export as new Build Order

Pokebunny Terran - Winner!

Build Orders: Reaper Expand, MMM Bio 

Get SALT Encoding   

  12  0:01  SCV  
  13  0:13  SCV  
  14  0:18  Supply Depot  
  14  0:25  SCV  
  15  0:39  SCV  
  15  0:41  Barracks  
  16  0:44  Refinery  
  16  0:51  SCV  
  17  1:03  SCV  
  18  1:15  SCV  
  19  1:27  Orbital Command  
  19  1:28  Reaper  
  20  1:41  Command Center  
  20  1:53  SCV  
  21  1:56  Supply Depot  
  21  2:00  Marine  
  22  2:06  Factory, SCV  
  23  2:12  Refinery  
  23  2:18  Marine, SCV  
  25  2:30  SCV  
  26  2:40  Marine  
  27  2:47  SCV  
  28  2:52  Hellion, Orbital Command  
  28  2:54  Starport  
  28  2:58  Marine  
  31  2:59  SCV  
  32  3:11  SCV  
  33  3:16  Hellion, Engineering Bay  
  33  3:17  Marine  
  36  3:21  SCV  
  36  3:23  SCV  
  38  3:34  Viking  
  38  3:38  Supply Depot, SCV x2  
  38  3:39  Marine  
  43  3:43  Factory Tech Lab  
  43  3:55  Barracks  
  43  3:56  Barracks, Missile Turret  
  43  4:02  SCV x2, Missile Turret  
  45  4:06  Marine  
  46  4:24  Barracks Tech Lab  
  46  4:25  Viking  
  46  4:26  Siege Tank  
  46  4:29  SCV x2, Terran Infantry Weapons Level 1  
  46  4:30  Supply Depot  
  52  4:41  SCV x2  
  53  4:49  Barracks Reactor  
  53  4:50  Barracks Reactor, Marine  
  53  4:51  Stimpack  
  52  4:53  SCV x2  
  54  5:02  Supply Depot  
  54  5:07  Marine  
  54  5:08  Siege Tank  
  54  5:11  Refinery, SCV x2  
  54  5:12  Refinery  
  60  5:15  Starport Reactor  
  60  5:19  Supply Depot  
  60  5:23  SCV x2  
  60  5:25  Marine, Supply Depot  
  60  5:28  Marine x3  
  64  5:30  Marine  
  67  5:36  SCV x2  
  69  5:44  Siege Tank  
  69  5:49  Supply Depot  
  72  5:54  Medivac x2  
  72  5:55  Marine x2  
  78  5:58  Marine  
  78  5:59  Marine  
  78  6:01  Marine  
  81  6:16  Siege Tank  
  84  6:19  Marine x4  
  84  6:25  Medivac x2  
  92  6:29  Supply Depot  
  92  6:30  Supply Depot  
  92  6:31  Marine  
  93  6:36  Marine  
  94  6:47  Marine  
  94  6:49  Marine  
  94  6:51  Combat Shields, SCV x2  
  87  7:09  Marine x5  
  87  7:15  Siege Tank  
  84  7:18  Command Center  
  84  7:19  Medivac x2  
  88  7:26  Marine  
  88  7:27  Marine  
  90  7:34  Marine x3  
  93  7:44  Marine  
  91  7:51  Marine  
  91  7:52  Siege Tank, Marine  
  96  8:02  Marine x2  
  96  8:03  Barracks  
  96  8:04  Barracks  
  95  8:06  Medivac  
  95  8:07  Medivac  
  95  8:11  Marine x3  
  102  8:20  Marine  
  102  8:26  Marine  
  104  8:28  Marine  
  104  8:29  Marine  
Tags
 
Add a new tag
Caveats
  • Supply blocks, unpowered buildings, or Contaminate may cause inaccurate times.
  • Supply counts are checked every 10 seconds.